 Dungeon Crawl Stone Soup version 0.22-a0-346-ga7143740d5 (webtiles) character file.

123 RKaid the Ruffian (level 5, -4/45 HPs)
             Began as a Ghoul Warper on Mar 29, 2018.
             Slain by an orc warrior
             ... wielding a +1 short sword of draining
              (14 damage)
             ... on level 3 of the Dungeon on Apr 6, 2018.
             The game lasted 00:08:44 (2784 turns).

RKaid the Ruffian (Ghoul Warper)                    Turns: 2784, Time: 00:08:45

Health: -4/45      AC:  3    Str: 15    XL:     5   Next: 7%
Magic:  10/15      EV: 11    Int:  9    God:
Gold:   137        SH:  0    Dex:  8    Spells: 3/7 levels left

rFire    . . .     SeeInvis .     - Unarmed
rCold    + . .     Gourm    .   (no shield)
rNeg     + + +     Faith    .   a - +0 leather armour
rPois    ∞         Spirit   .   (no helmet)
rElec    .         Reflect  .   (no cloak)
rCorr    .         Harm     .   (no gloves)
MR       .....                  (no boots)
Stlth    +.........             (no amulet)
HPRegen  0.00/turn              m - ring of magical power {MP+9}
MPRegen  0.14/turn              (no ring)

@: shrouded, rotting
A: rotting body, claws 1, carnivore, cold resistance 1, negative energy
resistance 3, inhibited regeneration, torment resistance, unbreathing
a: no special abilities


You were on level 3 of the Dungeon.
You were not hungry.

You visited 1 branch of the dungeon, and saw 3 of its levels.

You collected 137 gold pieces.

Inventory:

Hand Weapons
 o - a +1 whip of flaming
   (You found it on level 2 of the Dungeon)
Missiles
 c - 75 stones (quivered)
 d - 5 tomahawks of dispersal {=f}
 q - 24 sling bullets
Armour
 a - a +0 leather armour (worn)
Jewellery
 m - a ring of magical power (left claw) {MP+9}
   (You found it on level 2 of the Dungeon)
Scrolls
 b - a scroll of magic mapping {unknown}
 g - a scroll of remove curse {unknown}
 j - 2 scrolls of teleportation {unknown}
 k - 2 scrolls of fear {unknown}
 l - a scroll of blinking {!r}
 p - 2 scrolls of identify {unknown}
 t - a scroll of immolation {unknown}
Potions
 e - a potion of curing {unknown}
 h - 2 potions of heal wounds
 n - a potion of ambrosia {unknown}
 r - a potion of might {unknown}
 s - a potion of mutation {unknown}
Comestibles
 f - 4 rations
 i - a chunk of flesh


   Skills:
 + Level 3.6 Fighting
 - Level 0.8 Throwing
 - Level 0.8 Armour
 - Level 1.7 Dodging
 * Level 4.7 Unarmed Combat
 - Level 1.7 Spellcasting
 - Level 2.6 Translocations


You had 3 spell levels left.
You knew the following spells:

 Your Spells              Type           Power        Failure   Level  Hunger
A - Shroud of Golubria    Chrm/Tloc      #.........   36%         2    ###....
B - Blink                 Tloc           N/A          22%         2    ###....


Dungeon Overview and Level Annotations

Branches:
Dungeon (3/15)

Altars:


Innate Abilities, Weirdness & Mutations

Your body is rotting away.
You thrive on raw meat.
You are immune to poison.
You have sharp fingernails.
You are carnivorous and can eat meat at any time.
Your flesh is cold resistant. (rC+)
You are immune to negative energy. (rN+++)
You do not regenerate when monsters are visible.
You are immune to unholy pain and torment.
You can survive without breathing.


Message History

Eating one of 6 chunks of flesh.
You eat one of the 6 chunks of flesh.
This raw flesh tastes great!
c - 75 stones (gained 21)
You open the door.
There is an open door here.
You now have 137 gold pieces (gained 19).
A worm comes into view.
You scratch the worm but do no damage. The worm barely misses you.
You scratch the worm. You claw the worm! The worm closely misses you.
You claw the worm! You scratch the worm but do no damage. The worm misses you.
You claw the worm!
You kill the worm!
You have reached level 5!
You feel stronger.
A rat comes into view.
You closely miss the rat. You barely miss the rat. The rat barely misses you.
You claw the rat!
You kill the rat!
You see here a rat corpse.
You butcher the rat corpse.
i - 6 chunks of flesh (gained 1)
You see here a ring mail.
j - 2 scrolls labeled KECHEFF ZAWIPS (gained 1) Some of the chunks of flesh in your inventory have rotted away.
f - 4 rations (gained 1) Some of the chunks of flesh in your inventory have rotted away.
Found a glowing dagger.
Found a stone staircase leading up.
t - a scroll labeled RESTRI LA RAUHEI A quokka comes into view.
The quokka bites you.
A bat and an orc warrior come into view.
The orc warrior is wielding a short sword of draining.
The orc warrior shouts!
The orc warrior moves out of view.
An orc comes into view. It is wielding a hand axe.
You completely miss the quokka.
The orc shouts!
You hear an angry hiss.
The bat hits you but does no damage. The quokka barely misses you.
The quokka closely misses you.
A frilled lizard comes into view.
The bat hits you.
The quokka bites you but does no damage.
The bat hits you but does no damage. The bat hits you but does no damage.
The bat closely misses you. The bat barely misses you.
The quokka closely misses you. The bat hits you but does no damage.
The quokka bites you. The bat hits you but does no damage.
You scratch the quokka. The quokka bites you.
You claw the quokka!
You kill the quokka!
The bat misses you.
You scratch the bat.
You kill the bat!
An orc comes into view. It is wielding a club.
You see here a quokka corpse.
The orc warrior barely misses you.
The orc shouts!
You scratch the orc warrior. You barely miss the orc warrior.
The orc warrior barely misses you.
You claw the orc warrior!
The orc warrior hits you with a short sword of draining.
You scratch the orc warrior. The orc warrior closely misses you.
Eat one of 3 chunks of flesh? (ye/n/q)
You eat one of the 3 chunks of flesh.
This raw flesh tastes great!
The orc warrior hits you with a short sword of draining!
You completely miss the orc warrior. You claw the orc warrior.
The orc warrior hits you with a short sword of draining.
You scratch the orc warrior. The orc warrior closely misses you.
You completely miss the orc warrior. The orc warrior closely misses you.
Eat one of 2 chunks of flesh? (ye/n/q)
You eat one of the 2 chunks of flesh.
This raw flesh tastes great!
The orc warrior hits you with a short sword of draining!
Press: ? - help, v - describe, . - travel
Here: an orc warrior, wielding a short sword of draining and wearing a chain mail (heavily wounded)
The floor.
Okay, then.
There is an open door here.
There is a stone staircase leading up here.
There is a stone staircase leading up here.
Cast which spell? (? or * to list)
You don't know that spell.
Cast which spell? (? or * to list)
You blink.
The orc hits you with a club.
* * * LOW HITPOINT WARNING * * *
Casting: Blink (safe; 22% risk of failure)
Confirm with . or Enter, or press ? or * to list all spells.
Space distorts slightly along a thin shroud covering your body.
The orc barely misses you. The orc barely misses you.
Casting: Shroud of Golubria (safe; 36% risk of failure)
Confirm with . or Enter, or press ? or * to list all spells.
You blink.
You claw the orc!
You kill the orc!
The orc warrior hits you with a short sword of draining!
You die...

######## #.@....##
#o#.###.###########
#o#.# #........##.#
#.#.###.######.#...
.# #.##...## #.....
#.# #.###o.# ###...
#.# #...<..### ##.#
#.# #####....# #.#
#)# ####.# #.#


You could see an orc warrior and an orc.

Vanquished Creatures
  3 gnolls (D:2)
  5 adders
  2 worms
  2 leopard geckos
  An orc (D:3)
  5 bats
  4 giant cockroaches
  2 goblins
  6 hobgoblins
  5 kobolds
  A quokka (D:3)
  5 rats
41 creatures vanquished.

Notes
Turn   | Place    | Note
-------+----------+-------------------------------------------
     0 | D:1      | RKaid the Ghoul Warper began the quest for the Orb.
     0 | D:1      | Reached XP level 1. HP: 17/17 MP: 2/2
   434 | D:1      | Reached XP level 2. HP: 25/25 MP: 3/3
   494 | D:1      | Learned a level 2 spell: Blink
   497 | D:1      | Learned a level 2 spell: Shroud of Golubria
   833 | D:2      | Reached skill level 3 in Unarmed Combat
   885 | D:2      | Reached XP level 3. HP: 29/30 MP: 4/4
  1059 | D:2      | Reached skill level 3 in Fighting
  1403 | D:2      | Reached skill level 4 in Unarmed Combat
  1403 | D:2      | Reached XP level 4. HP: 36/38 MP: 5/5
  1841 | D:2      | HP: 6/38 [gnoll/spear (9)]
  1843 | D:2      | HP: 1/38 [gnoll/spear (5)]
  2105 | D:1      | Upgraded the game from 0.22-a0-305-gd21a89c538 to 0.22-a0-346-ga7143740d5
  2612 | D:3      | Reached XP level 5. HP: 45/45 MP: 6/6
  2673 | D:3      | Noticed an orc warrior
  2778 | D:3      | HP: 10/45 [orc/club (5)]
  2784 | D:3      | Slain by an orc warrior

Vault maps used:
D:1:      minmay_arrival_jagged
D:2:      minmay_box_of_dots

Skill      XL: |  1  2  3 |
---------------+----------+-----
Unarmed Combat | 3 4 |  4.7
Fighting       | 3 |  3.6
Throwing       | |  0.8
Armour         | |  0.8
Dodging        | |  1.7
Spellcasting   | |  1.7
Translocations | |  2.6

Action                   |  1- 3 |  4- 6 || total
-------------------------+-------+-------++-------
Melee: Unarmed           |    85 |    74 ||   159
       Punch             |       |     1 ||     1
 Cast: Shroud of Golubri |       |     2 ||     2
       Blink             |       |     2 ||     2
  Use: Potion            |       |     1 ||     1
  Eat: Chunk             |    11 |     4 ||    15
Armor: Leather armour    |    12 |    19 ||    31
Dodge: Dodged            |    37 |    49 ||    86

Table legend:
 A = Spawn XP
 B = Non-spawn XP
 C = Spawn XP percentage of total XP
 D = Spawn monster count
 E = Non-spawn monster count
 F = Spawn count percentage of total count
 G = Total turns spent on level
                    A         B        C        D         E        F      G
               +---------+---------+-------+---------+---------+-------+---------
         Total |       0 |     176 |   0.0 |       0 |      41 |   0.0 |  2784
               +---------+---------+-------+---------+---------+-------+---------
           D:1 |       0 |      15 |   0.0 |       0 |       8 |   0.0 |  1081
           D:2 |       0 |     115 |   0.0 |       0 |      22 |   0.0 |  1294
           D:3 |       0 |      46 |   0.0 |       0 |      11 |   0.0 |   409
               +---------+---------+-------+---------+---------+-------+---------

Table legend:
 A = Turns spent in this place as a percentage of turns spent in the entire game.
 B = Non-inter-level travel turns spent in this place as a percentage of non-inter-level travel turns spent in the entire game.
 C = Inter-level travel turns spent in this place as a percentage of turns spent in this place.
 D = Turns resting spent in this place as a percentage of non-inter-level travel turns spent in this place.
 E = Turns spent auto-exploring this place as a percentage of non-inter-level travel turns spent in this place.
 F = Non-inter-level travel turns spent in this place divided by the number of levels of this place that you've seen.
                   A       B       C       D       E      F
               +-------+-------+-------+-------+-------+----------------------
         Total | 100.0 | 100.0 |   5.4 |  25.2 |  50.5 | 878.3
       Dungeon | 100.0 | 100.0 |   5.4 |  25.2 |  50.5 | 878.3
               +-------+-------+-------+-------+-------+----------------------

Table legend:
 A = Kills in this place as a percentage of kills in entire the game.
 B = Kills by you in this place as a percentage of kills by you in the entire game.
 C = Kills by friends in this place as a percentage of kills by friends in the entire game.
 D = Other kills in this place as a percentage of other kills in the entire game.
 E = Experience gained in this place as a percentage of experience gained in the entire game.
 F = Experience gained in this place divided by the number of levels of this place that you have seen.
                   A       B       C       D       E      F
               +-------+-------+-------+-------+-------+----------------------
         Total | 100.0 | 100.0 |   N/A |   N/A | 100.0 |  58.7
       Dungeon | 100.0 | 100.0 |   N/A |   N/A | 100.0 |  58.7
               +-------+-------+-------+-------+-------+----------------------
